 Dungeon Crawl Stone Soup version 0.30-a0-870-gc5d4c5acee (webtiles) character file.

Game seed: 781011483370558005

344 cforsyth the Covered (level 6, -1/51 HPs)
             Began as a Barachi Fighter on Mar 12, 2023.
             Slain by a worm (7 damage)
             ... on level 4 of the Dungeon.
             The game lasted 00:03:52 (4106 turns).

cforsyth the Covered (Barachi Fighter)              Turns: 4106, Time: 00:03:53

Health: -1/51      AC:  9    Str: 17    XL:     6   Next: 58%
Magic:  6/6        EV:  9    Int:  9    God:
Gold:   257        SH:  5    Dex: 13    Spells: 5/5 levels left

rFire   . . .      SeeInvis .    a - +0 long sword
rCold   . . .      Faith    .    c - +0 buckler
rNeg    + . .      Spirit   .    b - +0 scale mail
rPois   .          Reflect  .    (no helmet)
rElec   .          Rampage  .    (no cloak)
rCorr   .                        v - +0 pair of gloves
Will    .....                    f - +0 pair of boots Stlth
                                 (no amulet)
HPRegen 0.28/turn                o - ring of positive energy
MPRegen 0.10/turn                (no ring)

@: lethally poisoned (-1 -> -6), slow
A: amphibious, slowness 1, strong legs 1, +LOS
a: Hop


You were on level 4 of the Dungeon.
You visited 1 branch of the dungeon, and saw 4 of its levels.

You collected 257 gold pieces.

Inventory:

Hand Weapons
 a - a +0 long sword (weapon)
Armour
 b - a +0 scale mail (worn)
 c - a +0 buckler (worn)
 f - a +0 pair of boots (worn)
 v - a +0 pair of gloves (worn)
Jewellery
 o - a ring of positive energy (left hand)
Wands
 r - a wand of roots (7)
Scrolls
 g - 6 scrolls of identify {unknown}
 j - a scroll of poison {unknown}
 k - 2 scrolls of fear {unknown}
 l - a scroll of blinking {unknown}
 m - a scroll of teleportation {unknown}
 n - 3 scrolls of vulnerability {unknown}
 w - a scroll of summoning {unknown}
 x - a scroll of enchant armour {unknown}
Potions
 d - a potion of might
 e - a potion of resistance {unknown}
 h - 3 potions of attraction {unknown}
 i - a potion of mutation {unknown}
 p - a potion of heal wounds {unknown}
 q - 2 potions of haste {unknown}
 s - 2 potions of curing {unknown}
 t - 2 potions of degeneration {unknown}
 u - 2 potions of berserk rage {unknown}
 z - a potion of cancellation {unknown}


   Skills:
 + Level 5.2 Fighting
 + Level 4.5 Long Blades
 + Level 5.2 Armour
 + Level 4.9 Shields


You had 5 spell levels left.
You didn't know any spells.
Your spell library contained the following spells:

 Spells                   Type           Power      Damage    Failure   Level
 Blink                    Tloc           0%         N/A       94%         2
 Scorch                   Fire           0%         2d5       94%         2
 Flame Wave               Conj/Fire      0%         2d4       100%        4
 Manifold Assault         Tloc           0%         N/A       100%        4
 Summon Cactus Giant      Summ           0%         N/A       100%        6
 Storm Form               Tmut/Air       0%         N/A       100%        7


Dungeon Overview and Level Annotations

Branches:
Dungeon (4/15)
 Temple: D:4-7

Altars:

Annotations:
D:3 1 runed translucent door, Crazy Yiuf


Innate Abilities, Weirdness & Mutations

You are amphibious.
You cover ground slowly.
You can hop short distances.
You have an extended range of vision and can be seen from far away.


Message History

The water moccasin poisons you!
You hit the water moccasin.
The water moccasin is severely wounded.
You feel very sick. The water moccasin bites you.
You are more poisoned.
The water moccasin poisons you!
The water moccasin bites you but does no damage.
You barely miss the water moccasin.
The water moccasin is severely wounded.
You feel extremely sick.
The water moccasin bites you but does no damage.
You barely miss the water moccasin.
The water moccasin is severely wounded.
You feel very sick.
The water moccasin bites you but does no damage.
The water moccasin closely misses you.
The dart slug briefly extends its eye-stalks.
The dart slug launches a dart at you. The slug dart misses you.
The worm bites you.
You hit the water moccasin.
The water moccasin is severely wounded.
* * * LOW HITPOINT WARNING * * *
You feel very sick.
The water moccasin bites you but does no damage.
The water moccasin barely misses you.
The dart slug bites you but does no damage.
You slash the water moccasin!
The water moccasin is almost dead.
* * * LOW HITPOINT WARNING * * *
You feel very sick. The water moccasin closely misses you. The worm bites you.
* * * LOW HITPOINT WARNING * * *
The dart slug bites you but does no damage.
You block the water moccasin's attack.
You slash the water moccasin!
You kill the water moccasin!
* * * LOW HITPOINT WARNING * * *
You feel sick. The worm bites you!
You die...

..# .# #.........# #.# #.## .#
#.###.###.# #.# .#.##.# #.# #.#
#.###+## ## ###...# ##.###.#
#.##..(## #. # ##.## #......#
#.#.....## #. ###.## #####.#.###
#...>....## #.
.#.#####.........###.........###.
.)...........................'...
..######.#######@'####.......####
.## #.# #~~†ww~~~##.....## # .#
#.# #~~~~..~~~~##...## ..
#.##~~~~~..~~~~~##.##
###~~~~~~..~~~~~~###
#~~~~~~~..~~~~~~~
~~~~~~~~..~~~~~~~
~~~~~~~~..~~~~~~~
~~~~~~~♣..♣~~~~~~


You could see a worm and a dart slug.

Vanquished Creatures
  A water moccasin (D:4)
  A phantom (D:4)
  A kobold brigand (D:3)
  Natasha (thrice) (D:3)
  4 adders (D:3)
  2 dart slugs (D:1)
  8 orcs (D:3)
  4 bats
  5 endoplasms
  A giant cockroach (D:3)
  6 goblins
  10 hobgoblins
  3 jackals (D:2)
  8 kobolds
  5 quokkas
  6 ball pythons
  5 frilled lizards (D:1)
  7 rats
80 creatures vanquished.

Notes
Turn   | Place    | Note
-------+----------+-------------------------------------------
     0 | D:1      | cforsyth the Barachi Fighter began the quest for the Orb.
     0 | D:1      | Reached XP level 1. HP: 18/18 MP: 1/1
    71 | D:1      | Reached XP level 2. HP: 24/25 MP: 2/2
   414 | D:1      | Reached XP level 3. HP: 29/30 MP: 3/3
  1276 | D:3      | Reached XP level 4. HP: 31/37 MP: 4/4
  1555 | D:3      | Noticed Natasha
  1560 | D:3      | Killed Natasha
  1561 | D:3      | Reached XP level 5. HP: 38/43 MP: 5/5
  1695 | D:3      | Noticed Natasha
  1698 | D:3      | Noticed a kobold brigand
  1798 | D:3      | Killed Natasha
  1844 | D:3      | Killed a kobold brigand
  1845 | D:3      | Reached XP level 6. HP: 40/50 MP: 6/6
  1913 | D:3      | Noticed Natasha
  1921 | D:3      | Killed Natasha
  1922 | D:3      | Reached skill level 5 in Fighting
  1922 | D:3      | Reached skill level 5 in Armour
  2274 | D:3      | Found a runed translucent door.
  2275 | D:3      | Noticed Crazy Yiuf
  2495 | D:3      | Found a runed translucent door.
  4093 | D:4      | Noticed a water moccasin
  4106 | D:4      | Killed a water moccasin
  4106 | D:4      | Slain by a worm

Illustrated notes

Levels and vault maps discovered:
D:1:      shiori_arrival_elements, layout_basic, serial_bayou_pond_e
D:2:      layout_basic, minmay_misc_feat_cross
D:3:      cheibrodos_thug_alley, layout_basic, minivault_26,
          minmay_fractal_squares_gapless_5, uniq_crazy_yiuf_cottage,
          uniq_natasha
D:4:      kennysheep_big_flooded_room, layout_loops_corners

Skill      XL: |  1  2  3  4  5  6 |
---------------+-------------------+-----
Armour         | 4 5 |  5.2
Fighting       | 4 5 |  5.2
Long Blades    | 3 4 |  4.5
Shields        | 4 |  4.9

Action                     |  1- 3 |  4- 6 || total
---------------------------+-------+-------++-------
  Melee: Long sword        |   127 |   140 ||   267
 Armour: Scale mail        |    77 |    65 ||   142
  Dodge: Dodged            |    64 |    56 ||   120
  Block: Buckler           |    31 |    35 ||    66

Table legend: (Time is in decaauts)
 A = Elapsed time spent in this place.
 B = Non-inter-level travel time spent in this place.
 C = Inter-level travel time spent in this place.
 D = Time resting spent in this place.
 E = Time spent auto-exploring this place.
 F = Levels seen in this place.
 G = Mean time per level.
                   A        B        C        D        E       F      G
               +--------+--------+--------+--------+--------+-----+--------+
         Total |   4858 |   4724 |    134 |      0 |   4127 |   4 | 1214.5 |
       Dungeon |   4858 |   4724 |    134 |      0 |   4127 |   4 | 1214.5 |
               +--------+--------+--------+--------+--------+-----+--------+

Top non-repeatable levels by time:
     D:3: 3087 daAuts
     D:1: 954 daAuts
     D:2: 482 daAuts
     D:4: 334 daAuts
